 Dungeon Crawl Stone Soup version 0.29.1-2-gbd0b4ee654 (webtiles) character file.

Game seed: 16706990548428714993

1278 jamesblauser the Cleaver (level 8, -8/70 HPs)
             Began as a Minotaur Berserker on Nov 11, 2022.
             Was a Priest of Trog.
             Killed from afar by an electric eel (11 damage)
             ... with a bolt of electricity
             ... on level 6 of the Dungeon.
             The game lasted 00:17:46 (4767 turns).

jamesblauser the Cleaver (Minotaur Berserker)       Turns: 4767, Time: 00:17:47

Health: -8/70      AC: 14    Str: 23    XL:     8   Next: 29%
Magic:  7/7        EV:  8    Int:  4    God:    Trog [***...]
Gold:   371        SH:  0    Dex: 11    Spells: 7/7 levels left

rFire   . . .      SeeInvis .   o - +0 war axe
rCold   . . .      Faith    .   (no shield)
rNeg    . . .      Spirit   .   j - +1 plate armour "Boexoot" {rPois Regen+}
rPois   +          Reflect  .   (helmet restricted)
rElec   .          Harm     .   (no cloak)
rCorr   .          Rampage  .   p - +0 pair of gloves
Will    +....                   (no boots)
Stlth   ..........              (no amulet)
HPRegen 1.01/turn               c - ring of willpower
MPRegen 0.10/turn               (no ring)

@: studying Axes
A: horns 2, retaliatory headbutt
a: Renounce Religion, Berserk, Trog's Hand


You were on level 6 of the Dungeon.
You worshipped Trog.
Trog was most pleased with you.
You visited 1 branch of the dungeon, and saw 6 of its levels.

You collected 371 gold pieces.

Inventory:

Hand Weapons
 a - a +0 hand axe
 e - a +2 hand axe of freezing
 o - a +0 war axe (weapon)
Missiles
 i - 5 silver boomerangs
 l - a throwing net
Armour
 b - a +0 animal skin
 f - a +1 ring mail
 j - the +1 plate armour "Boexoot" (worn) {rPois Regen+}
   (You acquired it on level 4 of the Dungeon)

   rPois:     It protects you from poison.
   Regen:     It increases your rate of health regeneration.
 p - a +0 pair of gloves (worn)
Jewellery
 c - a ring of willpower (left hand)
 h - an amulet of magic regeneration
Wands
 q - a wand of flame (7) (quivered)
Scrolls
 g - 2 scrolls of teleportation
 k - 3 scrolls of identify
 m - a scroll of enchant armour
 r - a scroll of blinking
Potions
 d - a potion of might
 n - 2 potions of curing


   Skills:
 + Level 6.3 Fighting
 + Level 10.8 Axes
 + Level 0.1 Throwing
 + Level 5.6 Armour
 + Level 4.2 Dodging
 + Level 1.4 Stealth
 + Level 1.0 Evocations


You had 7 spell levels left.
You didn't know any spells.
Your spell library was empty.

Dungeon Overview and Level Annotations

Branches:
Dungeon (6/15)             Temple (0/1) D:4

Altars:
Dithmenos
Fedhas
Qazlal

Annotations:
D:5 1 runed translucent door


Innate Abilities, Weirdness & Mutations

You have a pair of horns on your head.
You reflexively headbutt those who attack you in melee.


Message History

There is an escape hatch in the floor here.
You slide downwards.
The hatch slams shut behind you.
Found a potion of magic and 23 gold pieces.
Aiming: Throw Flame
Press: ? - help, Q - select action, (/) - cycle Shift-Dir - straight line, f - electric eel
Aim: an electric eel (water, 48% to hit)
The puff of flame hits the electric eel.
The electric eel is lightly wounded.
The electric eel shoots out a bolt of lightning at you!
The bolt of electricity hits the electric eel.
The electric eel completely resists.
The bolt of electricity hits you. The bolt of electricity hits you!
The electric eel shoots out a bolt of lightning at you!
The bolt of electricity hits you!
The electric eel is engulfed in a cloud of scalding steam.
The electric eel shoots out a bolt of lightning at you!
The bolt of electricity hits you!
The electric eel shoots out a bolt of lightning at you!
The bolt of electricity hits you!
The electric eel is engulfed in a cloud of scalding steam.
You kill the electric eel!
Trog accepts your kill.
You hear a splash.
You see here a potion of magic.
The electric eel shoots out a bolt of lightning at you!
The bolt of electricity hits you!
* * * LOW HITPOINT WARNING * * *
The bolt of electricity hits the plant!
The plant begins to die.
The electric eel shoots out a bolt of lightning at you!
The bolt of electricity hits you.
* * * LOW HITPOINT WARNING * * *
The electric eel shoots out a bolt of lightning at you!
The bolt of electricity hits you.
* * * LOW HITPOINT WARNING * * *
The electric eel shoots out a bolt of lightning at you!
The bolt of electricity hits you!
* * * LOW HITPOINT WARNING * * *
The electric eel shoots out a bolt of lightning at you!
The bolt of electricity hits you!
You die...

####
##..+##
#..@..#
#.....#
#PP.~P#
#....~#
#$$~!.#
#≈S.S≈#
##≈≈≈##
#####
..~


You could see 2 electric eels.

Vanquished Creatures
  A black bear (D:4)
  A centaur (D:5)
  A phantom (D:4)
  8 scorpions (D:5)
  A killer bee (D:5)
  2 howler monkeys
  An electric eel (D:6)
  An orc priest (D:4)
  3 jellies
  Crazy Yiuf (D:2)
  A hound (D:4)
  8 adders
  2 shadow imps (D:5)
  An ufetubus (D:4)
  4 worms
  A dart slug (D:2)
  20 orcs
  An endoplasm (D:4)
  7 giant cockroaches
  12 goblins
  10 hobgoblins
  11 jackals
  7 kobolds
  4 quokkas
  5 ball pythons
  4 bats
  3 frilled lizards
  4 rats
  3 butterflies (D:5)
128 creatures vanquished.

Vanquished Creatures (others)
  A plant (D:4)
1 creature vanquished.

Grand Total: 129 creatures vanquished

Notes
Turn   | Place    | Note
-------+----------+-------------------------------------------
     0 | D:1      | jamesblauser the Minotaur Berserker began the quest for the
                  | Orb.
     0 | D:1      | Reached XP level 1. HP: 19/19 MP: 0/0
   154 | D:1      | Reached XP level 2. HP: 21/27 MP: 1/1
   156 | D:1      | Reached skill level 4 in Axes
   664 | D:1      | Found a faded altar of an unknown god.
   929 | D:1      | Reached XP level 3. HP: 27/34 MP: 2/2
  1648 | D:2      | Reached ** piety under Trog
  1947 | D:2      | Found a runed translucent door.
  1948 | D:2      | Noticed Crazy Yiuf
  2136 | D:2      | Killed Crazy Yiuf
  2137 | D:2      | Reached XP level 4. HP: 35/41 MP: 3/3
  2307 | D:3      | Reached skill level 5 in Fighting
  2316 | D:3      | Found a stormy altar of Qazlal.
  2393 | D:3      | Found a blossoming altar of Fedhas.
  2580 | D:3      | Reached XP level 5. HP: 48/48 MP: 4/4
  2869 | D:3      | Reached skill level 5 in Axes
  3229 | D:4      | Found a staircase to the Ecumenical Temple.
  3244 | D:4      | Noticed a black bear
  3250 | D:4      | Killed a black bear
  3251 | D:4      | Reached XP level 6. HP: 56/56 MP: 5/5
  3258 | D:4      | Reached *** piety under Trog
  3378 | D:4      | Identified a scroll of acquirement
  3378 | D:4      | Acquired the +1 plate armour "Boexoot" {rPois Regen+}
  3385 | D:4      | Found a shadowy altar of Dithmenos.
  3402 | D:4      | Reached skill level 6 in Axes
  3532 | D:4      | Reached XP level 7. HP: 31/61 MP: 6/6
  3843 | D:4      | Acquired a manual of Axes
  3880 | D:4      | Reached skill level 5 in Armour
  4044 | D:5      | Entered Level 5 of the Dungeon
  4211 | D:5      | Found a runed translucent door.
  4234 | D:5      | Found a runed translucent door.
  4241 | D:5      | Reached skill level 7 in Axes
  4245 | D:5      | Reached skill level 8 in Axes
  4250 | D:5      | Reached skill level 9 in Axes
  4250 | D:5      | Reached XP level 8. HP: 70/70 MP: 7/7
  4331 | D:5      | Reached skill level 10 in Axes
  4331 | D:5      | Reached skill level 1 in Evocations
  4334 | D:5      | Reached skill level 1 in Stealth
  4766 | D:6      | HP: 2/70 [electric eel/bolt of electricity (9)]
  4767 | D:6      | Killed from afar by an electric eel

Illustrated notes

Levels and vault maps discovered:
D:1:      minmay_arrival_open_corners, layout_basic,
          shapermc_ecumenical_altar_mp_vishouse
D:2:      layout_rooms, uniq_crazy_yiuf_cottage
D:3:      layout_loops_ring, fedhas_ov_isle_minmay,
          mainiacjoe_overflow_brackets, wad_orctagon
D:4:      layout_loops_ring, grunt_dithmenos_smoke_and_mirrors,
          minmay_temple_entry_wispy, corexii_shack
D:5:      lemuel_insect_pit, layout_loops_cross
D:6:      cheibrodos_two_vegetables, layout_loops_ring

Skill      XL: |  1  2  3  4  5  6  7  8 |
---------------+-------------------------+-----
Fighting       | 4 5 6 |  6.3
Axes           | 4 5 6 9 10 | 10.8
Armour         | 3 4 5 |  5.6
Dodging        | 3 4 |  4.2
Evocations     | 1 |  1.0
Stealth        | 1 |  1.4
Throwing       | |  0.1

Action                   |  1- 3 |  4- 6 |  7- 9 || total
-------------------------+-------+-------+-------++-------
Melee: Hand axe          |    87 |    70 |     1 ||   158
       Headbutt          |    17 |    15 |     7 ||    39
       Punch             |     1 |       |       ||     1
       War axe           |       |       |    53 ||    53
Throw: Boomerang         |       |       |     1 ||     1
Invok: Berserk           |     1 |     2 |     1 ||     4
Evoke: Wand              |       |    10 |     8 ||    18
  Use: Potion            |     2 |     5 |     2 ||     9
       Scroll            |     1 |     5 |     1 ||     7
Armor: Animal skin       |    15 |       |       ||    15
       Ring mail         |    14 |    25 |       ||    39
       Plate armour      |       |    20 |    54 ||    74
Dodge: Dodged            |    83 |    59 |    28 ||   170
